AoeStats
← Samaia92

Arabia

507766306Analyzed
1v1 RM · 14d ago on Sep 19, 2026· 63m 29s· 2 players
Game mode
Random Map
Map size
Tiny (2 player)
Population
200
Speed
Normal
Resources
Standard
Victory
Conquest
Starting age
Dark Age
Ending age
Imperial Age
RankedLock teamsTeams togetherTeam positionsShared explorationLock speedFull tech treeHidden civsTurbo modeCheats
Victory
Defeat
🇺🇸 Malay · United States
492
+15
🇿🇦 Gurjaras · South Africa
468
-24
CastawayShip155
0:47 Loom
12:51 Feudal Age
14:55 Wheelbarrow
14:14 Town Watch
20:32 Man-at-Arms
33:08 Stone Mining
34:42 Horse Collar
35:14 Double-Bit Axe
38:14 Bloodlines
38:38 Scale Barding Armor
38:35 Scale Mail Armor
38:46 Forging
38:28 Fletching
38:39 Padded Archer Armor
40:22 Arson
49:14 Gold Mining
Samaia92
5:32 Loom
10:32 Feudal Age
11:53 Double-Bit Axe
16:12 Fletching
17:24 Horse Collar
23:24 Castle Age
22:30 Crossbowman
24:26 Heavy Plow
24:18 Gold Mining
27:00 Bow Saw
27:27 Wheelbarrow
28:35 Forging
28:29 Squires
27:50 Man-at-Arms
30:26 Iron Casting
35:13 Imperial Age
32:18 Long Swordsman
34:10 Two-Handed Swordsman
35:55 Arson
36:53 Crop Rotation
38:17 Hand Cart
44:16 Bodkin Arrow
45:35 Heated Shot
46:46 Chemistry
Connection lost

Rejoining the realm…

Still unreachable

The connection could not be restored.

Session expired

The server has moved on; the page needs a fresh start.